Map: Arctic Dream LE

Players

Brokkoli

  • Race: Zerg Zerg
  • League: Platinum
  • Spawn Location: 5:00

OldRye

  • Race: Protoss Protoss
  • League: Platinum
  • Spawn Location: 6:00

qqq - Winner!

  • Race: Zerg Zerg
  • League: Platinum
  • Spawn Location: 12:00

Massa - Winner!

  • Race: Terran Terran
  • League: Gold
  • Spawn Location: 11:00

VOD

Have the link to the VOD?

Description

Time

  • Played on: June 3, 2020, 12:40 p.m.
  • Length: 5:42
Show
View Real Time Build Order
Export as new Build Order

Brokkoli Zerg 

Build Orders: Hatch First 

Get SALT Encoding   

  12  0:01  Drone  
  13  0:12  Overlord  
  13  0:16  Drone  
  14  0:31  Drone  
  14  0:32  Drone  
  14  0:35  Drone  
  17  0:53  Hatchery  
  17  0:57  Drone  
  17  1:00  Extractor  
  17  1:04  Drone  
  17  1:09  Drone  
  18  1:20  Spawning Pool  
  18  1:25  Drone  
  18  1:28  Drone  
  19  1:41  Drone  
  20  1:49  Drone  
  21  2:00  Overlord  
  21  2:05  Drone  
  21  2:08  Queen x2  
  22  2:10  Metabolic Boost  
  22  2:12  Zergling x2  
  27  2:20  Drone  
  27  2:22  Drone  
  29  2:26  Overlord  
  29  2:32  Drone  
  30  2:40  Drone  
  31  2:44  Drone  
  31  2:50  Zergling x2  
  33  2:54  Zergling x2  
  34  3:07  Drone x2  
  34  3:10  Drone  
  37  3:13  Hatchery  
  37  3:18  Drone x3  
  39  3:20  Drone x2  
  39  3:21  Drone x2  
  39  3:22  Overlord  
  43  3:32  Zergling x2  
  43  3:42  Overlord x2  
  43  3:44  Baneling Nest  
  43  3:46  Zergling x2  
  43  3:52  Spine Crawler  
  43  3:53  Spine Crawler, Zergling x10  
  43  3:54  Zergling x2  
  47  4:10  Zergling x4  
  47  4:11  Zergling x2  
  43  4:54  Zergling x2  
  40  5:03  Zergling x2  
  40  5:04  Zergling x14  
Show
View Real Time Build Order
Export as new Build Order

OldRye Protoss 

Build Orders: 1 Gate Expand 

Get SALT Encoding   

  12  0:01  Probe  
  13  0:13  Probe  
  14  0:19  Pylon  
  14  0:25  Probe  
  15  0:38  Gateway  
  15  0:41  Probe  
  16  0:47  Assimilator  
  16  0:53  Probe  
  17  1:28  Cybernetics Core  
  17  1:39  Nexus  
  17  1:41  Probe (Chrono Boost)  
  18  1:50  Probe (Chrono Boost)  
  18  1:51  Pylon  
  19  1:55  Probe (Chrono Boost)  
  20  2:07  Probe  
  21  2:17  Warp Gate (Chrono Boost)  
  21  2:19  Probe  
  22  2:28  Gateway  
  21  2:31  Probe  
  22  2:37  Assimilator  
  22  2:43  Probe  
  23  2:51  Probe  
  24  2:55  Probe  
  24  2:56  Sentry (Chrono Boost)  
  27  3:03  Probe  
  27  3:07  Probe  
  28  3:14  Stalker (Chrono Boost)  
  28  3:15  Probe  
  28  3:19  Probe  
  32  3:27  Probe  
  32  3:30  Gateway, Zealot (Chrono Boost)  
  32  3:32  Probe  
  36  3:38  Pylon  
  36  3:39  Probe  
  36  3:41  Zealot (Chrono Boost)  
  39  3:44  Probe  
  39  3:48  Shield Battery  
  40  3:49  Sentry  
  40  3:51  Probe  
  43  3:56  Probe  
  43  4:01  Twilight Council, Stalker  
  46  4:03  Probe  
  47  4:15  Zealot  
  49  4:30  Zealot  
Show
View Real Time Build Order
Export as new Build Order

qqq Zerg - Winner!

Build Orders: Hatch First 

Get SALT Encoding   

  12  0:02  Drone  
  13  0:08  Drone  
  14  0:34  Hatchery  
  13  0:47  Drone, Overlord  
  14  0:54  Extractor, Drone  
  14  1:09  Spawning Pool  
  13  1:20  Drone x2  
  15  1:27  Drone  
  16  1:37  Drone  
  17  1:45  Drone  
  18  1:57  Queen  
  18  1:59  Queen  
  22  2:05  Drone  
  24  2:08  Zergling x2  
  24  2:17  Zergling x2  
  24  2:18  Drone  
  24  2:19  Drone  
  27  2:25  Metabolic Boost  
  27  2:34  Zergling x2  
  28  2:42  Overlord  
  28  2:45  Baneling Nest  
  28  2:46  Zergling x2  
  28  2:58  Roach Warren  
  27  3:02  Drone  
  27  3:03  Zergling x2  
  27  3:04  Zergling x2  
  30  3:08  Zergling x2  
  30  3:11  Drone  
  32  3:19  Overlord  
  32  3:21  Zergling x2  
  32  3:24  Zergling x2  
  32  3:26  Drone  
  35  3:34  Zergling x2  
  36  3:36  Overlord  
  36  3:48  Baneling x6  
  36  3:51  Zergling x4  
  36  3:54  Roach  
  40  4:06  Roach x3  
  45  4:29  Roach x2  
  45  4:30  Drone  
  45  4:31  Drone x2  
  45  4:56  Roach x2  
  45  4:57  Roach  
  50  5:11  Overlord x2  
  50  5:22  Overlord  
Show
View Real Time Build Order
Export as new Build Order

Massa Terran - Winner!

Build Orders:  

Get SALT Encoding   

  12  0:11  Supply Depot  
  12  0:14  SCV  
  13  0:26  SCV  
  14  0:34  Barracks  
  14  0:38  SCV  
  15  0:49  Supply Depot  
  15  0:52  SCV  
  16  1:04  SCV  
  17  1:16  SCV  
  18  1:32  SCV  
  19  1:39  Marine  
  20  1:43  Barracks  
  20  1:44  SCV, Barracks  
  21  1:55  Barracks  
  21  1:56  Marine  
  22  2:06  Orbital Command  
  22  2:11  Refinery  
  22  2:14  Marine  
  23  2:24  Supply Depot  
  23  2:30  Supply Depot  
  23  2:31  Marine  
  23  2:37  Marine  
  24  2:41  Marine  
  24  2:42  Marine  
  27  2:49  Marine  
  27  2:50  Supply Depot  
  28  2:54  Marine  
  29  2:59  Marine  
  29  3:00  Marine  
  31  3:07  Marine  
  31  3:12  Marine  
  32  3:16  Marine  
  32  3:18  Marine  
  35  3:24  Marine  
  35  3:26  Factory  
  36  3:30  Marine  
  37  3:34  Marine  
  37  3:35  Marine  
  39  3:46  Barracks Tech Lab  
  39  3:48  Marine  
  39  3:52  Marine  
  39  3:53  Marine  
  42  4:06  Marine  
  43  4:10  Marine  
  43  4:11  Marine  
  43  4:12  Command Center  
  45  4:24  Marine  
  44  5:04  Marauder, Marine x3  
  49  5:11  Factory Tech Lab  
  47  5:22  Marine x3  
Tags
 
Add a new tag
Caveats
  • Supply blocks, unpowered buildings, or Contaminate may cause inaccurate times.
  • Supply counts are checked every 10 seconds.